MWL (24 & UNDER)
CINCINNATI PRIDE @ GRIM REAPERS
09/01/2029
 
TOP OF THE 1ST
Cincinnati Pride batting - Pitching for Grim Reapers : RHP Elijah Justice
Pitching: RHP Elijah Justice
Batting: RHB José Casillán 0-0: Called Strike
0-1: Ball
1-1: Ball
2-1: Foul Ball, location: 2F
2-2: Fly out, F4 (Popup, 3S)
Batting: SHB Juan Rodríguez 0-0: Foul Ball, location: 2F
0-1: Foul Ball, location: 2F
0-2: Ball
1-2: Ball
2-2: Ground out 3-1 (Groundball, 34)
Batting: RHB Jesús Solís 0-0: Called Strike
0-1: Hit by Pitch
Batting: LHB Carl Hayden 0-0: Ball
1-0: Ball
2-0: Ball
3-0: Called Strike
3-1: Foul Ball, location: 2F
3-2: Foul Ball, location: 2F
3-2: Base on Balls
Jesús Solís to second
Batting: LHB Will O'Dell 0-0: Foul Ball, location: 2F
0-1: Called Strike
0-2: Foul Ball, location: 2F
0-2: Ball
1-2: Ball
2-2: Ball
3-2: Strikes out looking
Top of the 1st over - 0 runs, 0 hits, 0 errors, 2 left on base; Cincinnati 0 - Grim 0
BOTTOM OF THE 1ST
Grim Reapers batting - Pitching for Cincinnati Pride : RHP Orlando Martínez
Pitching: RHP Orlando Martínez
Batting: RHB Sandro Hernández 0-0: Called Strike
0-1: Ball
1-1: Foul Ball, location: 2F
1-2: Ground out 6-3 (Groundball, 6)
Batting: RHB Pedro López 0-0: Ball
1-0: Foul Ball, location: 2F
1-1: Swinging Strike
1-2: Ball
2-2: Ground out 6-3 (Groundball, 6M)
Batting: RHB Mario Barker 0-0: Fly out, F7 (Flyball, 78XD)
Bottom of the 1st over - 0 runs, 0 hits, 0 errors, 0 left on base; Cincinnati 0 - Grim 0
TOP OF THE 2ND
Cincinnati Pride batting - Pitching for Grim Reapers : RHP Elijah Justice
Batting: RHB Noah Sturges 0-0: Ball
1-0: Foul Ball, location: 2F
1-1: Foul Ball, location: 2F
1-2: Ball
2-2: Strikes out swinging
Batting: LHB Pablo Garza 0-0: Ball
1-0: Swinging Strike
1-1: Called Strike
1-2: Ball
2-2: Ball
3-2: Base on Balls
Batting: LHB Rubén Eirado 0-0: Ball
1-0: Called Strike
1-1: Ball
2-1: Foul Ball, location: 2F
2-2: SINGLE (Line Drive, 89S)
Pablo Garza to second
Batting: RHB Dudley Helms 0-0: Hit by Pitch
Pablo Garza to third
Rubén Eirado to second
Batting: RHB José Casillán 0-0: Called Strike
0-1: Called Strike
0-2: Foul Ball, location: 2F
0-2: Ball
1-2: SINGLE (Flyball, 78S)
Pablo Garza scores
Rubén Eirado to third
Dudley Helms to second
Batting: SHB Juan Rodríguez 0-0: Fly out, F8 (Flyball, 8LD)
Runner from 3rd tags up, SCORES, no throw
Batting: RHB Jesús Solís 0-0: Ball
1-0: Hit by Pitch
Dudley Helms to third
José Casillán to second
Batting: LHB Carl Hayden 0-0: Swinging Strike
0-1: Foul Ball, location: 2F
0-2: Fly out, F8 (Flyball, 78M)
Top of the 2nd over - 2 runs, 2 hits, 0 errors, 3 left on base; Cincinnati 2 - Grim 0
BOTTOM OF THE 2ND
Grim Reapers batting - Pitching for Cincinnati Pride : RHP Orlando Martínez
Batting: RHB Juan Ortega 0-0: Ball
1-0: Foul Ball, location: 2F
1-1: Ball
2-1: Swinging Strike
2-2: Strikes out looking
Batting: RHB Phil Martin 0-0: Ground out 5-3 (Groundball, 56)
Batting: SHB Frank Grant 0-0: Foul Ball, location: 2F
0-1: Ball
1-1: Called Strike
1-2: Ball
2-2: Ground out 6-3 (Groundball, 6)
Bottom of the 2nd over - 0 runs, 0 hits, 0 errors, 0 left on base; Cincinnati 2 - Grim 0
TOP OF THE 3RD
Cincinnati Pride batting - Pitching for Grim Reapers : RHP Elijah Justice
Batting: LHB Will O'Dell 0-0: Ball
1-0: Called Strike
1-1: Called Strike
1-2: Ground out U3 (Groundball, 3D)
Batting: RHB Noah Sturges 0-0: Ball
1-0: Called Strike
1-1: Called Strike
1-2: Foul Ball, location: 2F
1-2: SINGLE (Flyball, 7LS)
Batting: LHB Pablo Garza 0-0: Foul Ball, location: 2F
0-1: Ball
1-1: Ground out 3-1 (Groundball, 34S)
Noah Sturges to second
Batting: LHB Rubén Eirado 0-0: Foul Ball, location: 2F
0-1: Ball
1-1: Fly out, F7 (Flyball, 7LMF)
Top of the 3rd over - 0 runs, 1 hit, 0 errors, 1 left on base; Cincinnati 2 - Grim 0
BOTTOM OF THE 3RD
Grim Reapers batting - Pitching for Cincinnati Pride : RHP Orlando Martínez
Batting: RHB Domingo Salinas 0-0: Swinging Strike
0-1: Called Strike
0-2: Strikes out looking
Batting: RHB Jesús Pérez 0-0: Fly out, F7 (Flyball, 7LMF)
Batting: RHB Luis Samaripa 0-0: Ball
1-0: Called Strike
1-1: Ball
2-1: SINGLE (Flyball, 7LS) - OUT at second base trying to stretch hit.
Bottom of the 3rd over - 0 runs, 1 hit, 0 errors, 0 left on base; Cincinnati 2 - Grim 0
TOP OF THE 4TH
Cincinnati Pride batting - Pitching for Grim Reapers : RHP Elijah Justice
Batting: RHB Dudley Helms 0-0: Swinging Strike
0-1: Fly out, F4 (Line Drive, 4)
Batting: RHB José Casillán 0-0: Ball
1-0: Ball
2-0: Called Strike
2-1: Fly out, F8 (Line Drive, 8LXD)
Batting: SHB Juan Rodríguez 0-0: Called Strike
0-1: Foul Ball, location: 2F
0-2: Foul Ball, location: 2F
0-2: Strikes out swinging
Top of the 4th over - 0 runs, 0 hits, 0 errors, 0 left on base; Cincinnati 2 - Grim 0
BOTTOM OF THE 4TH
Grim Reapers batting - Pitching for Cincinnati Pride : RHP Orlando Martínez
Batting: RHB Sandro Hernández 0-0: Foul Ball, location: 2F
0-1: DOUBLE (Flyball, 89D)
Batting: RHB Pedro López 0-0: Foul Ball, location: 2F
0-1: Fly out, F7 (Line Drive, 7LM)
Batting: RHB Mario Barker 0-0: Fly out, F7 (Flyball, 7S)
Batting: RHB Juan Ortega 0-0: Ball
1-0: Ground out U3 (Groundball, 3)
Bottom of the 4th over - 0 runs, 1 hit, 0 errors, 1 left on base; Cincinnati 2 - Grim 0
TOP OF THE 5TH
Cincinnati Pride batting - Pitching for Grim Reapers : RHP Elijah Justice
Batting: RHB Jesús Solís 0-0: Swinging Strike
0-1: Ball
1-1: Swinging Strike
1-2: DOUBLE (Flyball, 9LD)
Batting: LHB Carl Hayden 0-0: Ball
1-0: Foul Ball, location: 2F
1-1: Foul Ball, location: 2F
1-2: Ball
2-2: SINGLE (Groundball, 4MD)
Jesús Solís to third
Batting: LHB Will O'Dell 0-0: Ball
1-0: Ball
2-0: Foul Ball, location: 2F
2-1: Fly out, F9 (Line Drive, 9)
Runner from 3rd tags up, SCORES, throw made
Batting: RHB Noah Sturges 0-0: Fly out, F7 (Flyball, 7D)
Batting: LHB Pablo Garza 0-0: Ball
1-0: Ball
2-0: Ball
3-0: Called Strike
3-1: Foul Ball, location: 2F
3-2: Base on Balls
Carl Hayden to second
Batting: LHB Rubén Eirado 0-0: Ball
1-0: Foul Ball, location: 2F
1-1: Ball
2-1: Ball
3-1: Base on Balls
Carl Hayden to third
Pablo Garza to second
Pitching: LHP Josh Hammond
Batting: RHB Dudley Helms 0-0: Fielders Choice at 2nd, 6-4 (Groundball, 6)
Top of the 5th over - 1 run, 2 hits, 0 errors, 3 left on base; Cincinnati 3 - Grim 0
BOTTOM OF THE 5TH
Grim Reapers batting - Pitching for Cincinnati Pride : RHP Orlando Martínez
Batting: RHB Phil Martin 0-0: Ball
1-0: Fly out, F2 (Popup, 25F)
Batting: SHB Frank Grant 0-0: Ball
1-0: Called Strike
1-1: Foul Ball, location: 2F
1-2: Foul Ball, location: 2F
1-2: Foul Ball, location: 2F
1-2: Ball
2-2: Ball
3-2: Foul Ball, location: 2F
3-2: Fly out, F7 (Flyball, 78D)
Batting: RHB Domingo Salinas 0-0: Called Strike
0-1: Foul Ball, location: 2F
0-2: Ball
1-2: Strikes out swinging
Bottom of the 5th over - 0 runs, 0 hits, 0 errors, 0 left on base; Cincinnati 3 - Grim 0
TOP OF THE 6TH
Cincinnati Pride batting - Pitching for Grim Reapers : LHP Josh Hammond
Batting: RHB José Casillán 0-0: Ground out 1-3 (Groundball, 13S)
Batting: SHB Juan Rodríguez 0-0: Called Strike
0-1: Ball
1-1: Ball
2-1: Foul Ball, location: 2F
2-2: Foul Ball, location: 2F
2-2: Ball
3-2: Foul Ball, location: 2F
3-2: Foul Ball, location: 2F
3-2: Foul Ball, location: 2F
3-2: Base on Balls
Batting: RHB Jesús Solís 0-0: Ball
1-0: Called Strike
1-1: Ball
2-1: SINGLE (Groundball, 6D)
Juan Rodríguez to second
Batting: LHB Carl Hayden 0-0: Ball
1-0: Fly out, F4 (Flyball, 4MD)
Batting: LHB Will O'Dell 0-0: Ball
1-0: Ball
2-0: Ball
3-0: Called Strike
3-1: Called Strike
3-2: Base on Balls
Juan Rodríguez to third
Jesús Solís to second
Batting: RHB Noah Sturges 0-0: Ball
1-0: SINGLE (Groundball, 34D)
Juan Rodríguez scores
Jesús Solís to third
Will O'Dell to second
Runner from 3rd tries for Home, throw and OUT!
Top of the 6th over - 1 run, 2 hits, 0 errors, 2 left on base; Cincinnati 4 - Grim 0
BOTTOM OF THE 6TH
Grim Reapers batting - Pitching for Cincinnati Pride : RHP Orlando Martínez
Batting: RHB Jesús Pérez 0-0: Ball
1-0: Called Strike
1-1: Swinging Strike
1-2: Foul Ball, location: 2F
1-2: Strikes out looking
Batting: RHB Luis Samaripa 0-0: Ball
1-0: Fly out, F8 (Flyball, 8RS)
Batting: RHB Sandro Hernández 0-0: Ball
1-0: Foul Ball, location: 2F
1-1: SINGLE (Groundball, 56D)
Batting: RHB Pedro López 0-0: Ball
1-0: Fly out, F5 (Line Drive, 56)
Bottom of the 6th over - 0 runs, 1 hit, 0 errors, 1 left on base; Cincinnati 4 - Grim 0
TOP OF THE 7TH
Cincinnati Pride batting - Pitching for Grim Reapers : LHP Josh Hammond
Batting: LHB Pablo Garza 0-0: Ball
1-0: Called Strike
1-1: Called Strike
1-2: Ground out 6-3 (Groundball, 6)
Batting: LHB Rubén Eirado 0-0: Ball
1-0: SINGLE (Groundball, 4D)
Batting: RHB Dudley Helms 0-0: Ball
1-0: Ball
2-0: Called Strike
2-1: Called Strike
2-2: Fly out, F5 (Popup, 5SF)
Batting: RHB José Casillán 0-0: Called Strike
0-1: Ball
1-1: Swinging Strike
1-2: Ball
2-2: Foul Ball, location: 2F
2-2: Ball
3-2: Strikes out swinging
Top of the 7th over - 0 runs, 1 hit, 0 errors, 1 left on base; Cincinnati 4 - Grim 0
BOTTOM OF THE 7TH
Grim Reapers batting - Pitching for Cincinnati Pride : RHP Orlando Martínez
Batting: RHB Mario Barker 0-0: Ball
1-0: Ball
2-0: Ball
3-0: Called Strike
3-1: Fly out, F4 (Line Drive, 4M)
Batting: RHB Juan Ortega 0-0: Ball
1-0: Reached via error on a dropped throw, E1
Batting: RHB Phil Martin 0-0: Grounds into double play, 6-4-3 (Groundball, 6)
Bottom of the 7th over - 0 runs, 0 hits, 1 error, 0 left on base; Cincinnati 4 - Grim 0
TOP OF THE 8TH
Cincinnati Pride batting - Pitching for Grim Reapers : LHP Josh Hammond
Batting: SHB Juan Rodríguez 0-0: Called Strike
0-1: Ball
1-1: Ball
2-1: Swinging Strike
2-2: Ball
3-2: Strikes out swinging
Batting: RHB Jesús Solís 0-0: Called Strike
0-1: Ground out 6-3 (Groundball, 56)
Batting: LHB Carl Hayden 0-0: Called Strike
0-1: Swinging Strike
0-2: Ball
1-2: Ball
2-2: Foul Ball, location: 2F
2-2: Ball
3-2: SINGLE (Flyball, 6MD)
Pitching: RHP Harvey Taylor
Batting: LHB Will O'Dell 0-0: Swinging Strike
0-1: Ball
1-1: Foul Ball, location: 2F
1-2: Ball
2-2: Foul Ball, location: 2F
2-2: SINGLE (Groundball, 4MD)
Carl Hayden to second
Batting: RHB Noah Sturges 0-0: Ball
1-0: Foul Ball, location: 2F
1-1: Foul Ball, location: 2F
1-2: Strikes out swinging
Top of the 8th over - 0 runs, 2 hits, 0 errors, 2 left on base; Cincinnati 4 - Grim 0
BOTTOM OF THE 8TH
Grim Reapers batting - Pitching for Cincinnati Pride : RHP Orlando Martínez
Batting: SHB Frank Grant 0-0: Ball
1-0: Called Strike
1-1: Ball
2-1: Ball
3-1: Called Strike
3-2: Fly out, F9 (Flyball, 89S)
Batting: RHB Domingo Salinas 0-0: Called Strike
0-1: Foul Ball, location: 2F
0-2: Foul Ball, location: 2F
0-2: Strikes out swinging
Batting: RHB Jesús Pérez 0-0: Called Strike
0-1: SINGLE (Groundball, 34D)
Batting: RHB Luis Samaripa 0-0: Ball
1-0: Ball
2-0: Foul Ball, location: 2F
2-1: Fly out, F5 (Line Drive, 5L)
Bottom of the 8th over - 0 runs, 1 hit, 0 errors, 1 left on base; Cincinnati 4 - Grim 0
TOP OF THE 9TH
Cincinnati Pride batting - Pitching for Grim Reapers : RHP Harvey Taylor
Batting: LHB Pablo Garza 0-0: Ball
1-0: Called Strike
1-1: Called Strike
1-2: Ball
2-2: Ball
3-2: Strikes out swinging
Batting: LHB Rubén Eirado 0-0: Fly out, F9 (Line Drive, 9D)
Batting: RHB Dudley Helms 0-0: Foul Ball, location: 2F
0-1: Ball
1-1: Ball
2-1: Foul Ball, location: 2F
2-2: Foul Ball, location: 2F
2-2: Ball
3-2: Strikes out swinging
Top of the 9th over - 0 runs, 0 hits, 0 errors, 0 left on base; Cincinnati 4 - Grim 0
BOTTOM OF THE 9TH
Grim Reapers batting - Pitching for Cincinnati Pride : RHP Orlando Martínez
Batting: RHB Sandro Hernández 0-0: Called Strike
0-1: Swinging Strike
0-2: Ball
1-2: Ground out 6-3 (Groundball, 6)
Batting: RHB Pedro López 0-0: Foul Ball, location: 2F
0-1: Called Strike
0-2: Foul Ball, location: 2F
0-2: Foul Ball, location: 2F
0-2: Foul Ball, location: 2F
0-2: Ball
1-2: Strikes out swinging
Batting: RHB Mario Barker 0-0: Ball
1-0: Foul Ball, location: 2F
1-1: Called Strike
1-2: Foul Ball, location: 2F
1-2: Ball
2-2: Strikes out swinging
Bottom of the 9th over - 0 runs, 0 hits, 0 errors, 0 left on base; Cincinnati 4 - Grim 0
Saturday, December 16th, 2017 - OOTP Baseball 18.8 Build 76